TOP OF THE 1ST |
Nebraska Cornhuskers batting - Pitching for Kansas Jayhawks : LHP Dan O'Brien
|
Pitching: LHP Dan O'Brien
|
|
Batting: LHB Dennis Fontenot
|
0-0: Called Strike 0-1: Ball 1-1: Ground out 5-3 (Groundball, 56S)
|
Batting: SHB William Hamilton
|
0-0: SOLO HOME RUN (Flyball, 78XD), Distance : 371 ft
|
Batting: RHB John Denton
|
0-0: Ball 1-0: Ball 2-0: Ball 3-0: Called Strike 3-1: Foul Ball, location: 2F 3-2: Base on Balls
|
Batting: LHB Manny Salazar
|
0-0: Ball 1-0: Swinging Strike 1-1: Called Strike 1-2: Strikes out swinging
|
Batting: RHB Eugene Allen
|
0-0: Ball 1-0: Ball 2-0: Fly out, F9 (Flyball, 89M)
|
Top of the 1st over - 1 run(s), 1 hit(s), 0 error(s), 1 left on base; Nebraska 1 - Kansas 0 |
BOTTOM OF THE 1ST |
Kansas Jayhawks batting - Pitching for Nebraska Cornhuskers : RHP Barry Sherman
|
Pitching: RHP Barry Sherman
|
|
Batting: LHB Milo Powers
|
0-0: Ball 1-0: Fly out, F7 (Flyball, 7D)
|
Batting: RHB Domingo Hernández
|
0-0: Ground out 6-3 (Groundball, 6M)
|
Batting: LHB Juan Mendoza
|
0-0: Fly out, F7 (Flyball, 7S)
|
Bottom of the 1st over - 0 run(s), 0 hit(s), 0 error(s), 0 left on base; Nebraska 1 - Kansas 0 |
TOP OF THE 2ND |
Nebraska Cornhuskers batting - Pitching for Kansas Jayhawks : LHP Dan O'Brien
|
Batting: RHB Ralph Powell
|
0-0: Ball 1-0: Reached on error, E4 (Groundball, 4)
|
Batting: LHB Robin Greer
|
0-0: Called Strike 0-1: Ball 1-1: Called Strike 1-2: Ball 2-2: Strikes out swinging
|
Batting: SHB Conan Hanson
|
0-0: Foul Ball, location: 2F 0-1: Called Strike 0-2: Ball 1-2: Ball 2-2: Hit by Pitch Ralph Powell to second
|
Batting: RHB Dwight Lewis
|
0-0: Called Strike 0-1: Ball 1-1: Foul Ball, location: 2F 1-2: Ball 2-2: Grounds into double play, 5-4-3 (Groundball, 56)
|
Top of the 2nd over - 0 run(s), 0 hit(s), 1 error(s), 1 left on base; Nebraska 1 - Kansas 0 |
BOTTOM OF THE 2ND |
Kansas Jayhawks batting - Pitching for Nebraska Cornhuskers : RHP Barry Sherman
|
Batting: LHB Robert Moore
|
0-0: Ball 1-0: Ball 2-0: Reached on error, E4 (Groundball, 4M)
|
Batting: LHB Greg Nelson
|
0-0: Called Strike 0-1: Called Strike 0-2: Foul Ball, location: 2F 0-2: Ball 1-2: Ball 2-2: SINGLE (Line Drive, 4MD) Robert Moore to third
|
Batting: RHB Ken Longoria
|
0-0: Swinging Strike 0-1: Ball 1-1: Ball 2-1: 3-RUN HOME RUN (Line Drive, 7D), Distance : 359 ft
|
Batting: RHB Richie Miller
|
0-0: Called Strike 0-1: Swinging Strike 0-2: SINGLE (Line Drive, 89S)
|
Batting: LHB John Christopher
|
0-0: Called Strike 0-1: Foul Ball, location: 2F 0-2: Foul Ball, location: 2F 0-2: Ball 1-2: Fly out, F5 (Popup, 5F)
|
Batting: RHB David Milligan
|
0-0: Ball 1-0: Foul Ball, location: 2F 1-1: Swinging Strike 1-2: Ball 2-2: Foul Ball, location: 2F 2-2: Grounds into double play, 6-4-3 (Groundball, 6)
|
Bottom of the 2nd over - 3 run(s), 3 hit(s), 1 error(s), 0 left on base; Nebraska 1 - Kansas 3 |
TOP OF THE 3RD |
Nebraska Cornhuskers batting - Pitching for Kansas Jayhawks : LHP Dan O'Brien
|
Batting: LHB Dennis Fontenot
|
0-0: Ball 1-0: Foul Ball, location: 2F 1-1: Swinging Strike 1-2: SINGLE (Groundball, 15) (infield hit)
|
Batting: SHB William Hamilton
|
0-0: Ball 1-0: Reached on error, E6 (Groundball, 6) Dennis Fontenot to second
|
Batting: RHB John Denton
|
0-0: Called Strike 0-1: Fly out, F9 (Line Drive, 89S)
|
Batting: LHB Manny Salazar
|
0-0: Ball 1-0: Ball 2-0: Called Strike 2-1: SINGLE (Groundball, 5D) Dennis Fontenot to third William Hamilton to second Runner from 3rd tries for Home, throw and OUT! William Hamilton to third Manny Salazar to second
|
Batting: RHB Eugene Allen
|
0-0: Called Strike 0-1: Foul Ball, location: 2F 0-2: Ball 1-2: SINGLE (Line Drive, 4D) William Hamilton scores Manny Salazar to third Runner from 3rd tries for Home, SAFE, no throw or cutoff
|
Batting: RHB Ralph Powell
|
0-0: Ball 1-0: Ball 2-0: SINGLE (Groundball, 34) Eugene Allen to second Runner from 2nd tries for 3rd, SAFE, throw made to third
|
Batting: LHB Robin Greer
|
0-0: Ball 1-0: Ball 2-0: Ball 3-0: Called Strike 3-1: Foul Ball, location: 2F 3-2: SINGLE (Groundball, 4M) Eugene Allen scores Ralph Powell to second Ralph Powell to third
|
Batting: SHB Conan Hanson
|
0-0: Ball 1-0: Reached on Error, E4 (Popup, 4) Ralph Powell scores Robin Greer to second
|
Batting: RHB Dwight Lewis
|
0-0: Called Strike 0-1: Ball 1-1: Swinging Strike 1-2: Ball 2-2: Foul Ball, location: 2F 2-2: Strikes out swinging
|
Top of the 3rd over - 4 run(s), 5 hit(s), 2 error(s), 2 left on base; Nebraska 5 - Kansas 3 |
BOTTOM OF THE 3RD |
Kansas Jayhawks batting - Pitching for Nebraska Cornhuskers : RHP Barry Sherman
|
Batting: LHB Milo Powers
|
0-0: Ball 1-0: Ball 2-0: Ball 3-0: Foul Ball, location: 2F 3-1: Called Strike 3-2: Base on Balls
|
Batting: RHB Domingo Hernández
|
0-0: Ball 1-0: Called Strike 1-1: Ball 2-1: Foul Ball, location: 2F 2-2: Foul Ball, location: 2F 2-2: Foul Ball, location: 2F 2-2: Foul Ball, location: 2F 2-2: Foul Ball, location: 2F 2-2: Strikes out swinging
|
Batting: LHB Juan Mendoza
|
0-0: Ball 1-0: Fly out, F7 (Flyball, 78S)
|
Batting: LHB Robert Moore
|
0-0: Called Strike 0-1: Called Strike 0-2: Ball 1-2: Foul Ball, location: 2F 1-2: Foul Ball, location: 2F 1-2: Strikes out swinging
|
Bottom of the 3rd over - 0 run(s), 0 hit(s), 0 error(s), 1 left on base; Nebraska 5 - Kansas 3 |
TOP OF THE 4TH |
Nebraska Cornhuskers batting - Pitching for Kansas Jayhawks : LHP Dan O'Brien
|
Batting: LHB Dennis Fontenot
|
0-0: Called Strike 0-1: Ground out 6-3 (Groundball, 6M)
|
Batting: SHB William Hamilton
|
0-0: Called Strike 0-1: Foul Ball, location: 2F 0-2: Strikes out swinging
|
Batting: RHB John Denton
|
0-0: Ball 1-0: Called Strike 1-1: Ball 2-1: Ball 3-1: Foul Ball, location: 2F 3-2: Reached on error, E5 (Groundball, 56)
|
Batting: LHB Manny Salazar
|
0-0: Called Strike John Denton steals 2nd base 0-1: Ball 1-1: Swinging Strike 1-2: Foul Ball, location: 2F 1-2: Strikes out swinging
|
Top of the 4th over - 0 run(s), 0 hit(s), 1 error(s), 1 left on base; Nebraska 5 - Kansas 3 |
BOTTOM OF THE 4TH |
Kansas Jayhawks batting - Pitching for Nebraska Cornhuskers : RHP Barry Sherman
|
Batting: LHB Greg Nelson
|
0-0: Called Strike 0-1: Called Strike 0-2: Strikes out swinging
|
Batting: RHB Ken Longoria
|
0-0: Foul Ball, location: 2F 0-1: Ball 1-1: Foul Ball, location: 2F 1-2: Ball 2-2: Ball 3-2: Base on Balls
|
Batting: RHB Richie Miller
|
0-0: Ball 1-0: Grounds into double play, 6-4-3 (Groundball, 6)
|
Bottom of the 4th over - 0 run(s), 0 hit(s), 0 error(s), 0 left on base; Nebraska 5 - Kansas 3 |
TOP OF THE 5TH |
Nebraska Cornhuskers batting - Pitching for Kansas Jayhawks : LHP Dan O'Brien
|
Pitching: RHP William Houston
|
|
Batting: RHB Eugene Allen
|
0-0: Foul Ball, location: 2F 0-1: Foul Ball, location: 2F 0-2: SINGLE (Line Drive, 34D)
|
Batting: RHB Ralph Powell
|
0-0: Hit by Pitch Eugene Allen to second
|
Batting: LHB Robin Greer
|
0-0: Ball 1-0: Ball 2-0: Ball 3-0: Base on Balls Eugene Allen to third Ralph Powell to second
|
Batting: SHB Conan Hanson
|
0-0: SINGLE (Groundball, 34D) Eugene Allen scores Ralph Powell to third Robin Greer to second Runner from 3rd tries for Home, SAFE, no throw or cutoff
|
Batting: RHB Dwight Lewis
|
0-0: Swinging Strike 0-1: Ball 1-1: Foul Ball, location: 2F 1-2: Grounds into double play, 1-6-3 (Groundball, 25) Robin Greer to third
|
Batting: LHB Dennis Fontenot
|
0-0: Foul Ball, location: 2F 0-1: Swinging Strike 0-2: Strikes out swinging
|
Top of the 5th over - 2 run(s), 2 hit(s), 0 error(s), 1 left on base; Nebraska 7 - Kansas 3 |
BOTTOM OF THE 5TH |
Kansas Jayhawks batting - Pitching for Nebraska Cornhuskers : RHP Barry Sherman
|
Batting: LHB John Christopher
|
0-0: SINGLE (Flyball, 7S)
|
Batting: RHB David Milligan
|
0-0: Called Strike 0-1: Swinging Strike 0-2: Strikes out swinging
|
Batting: LHB Milo Powers
|
0-0: Ball 1-0: SINGLE (Groundball, 6S) John Christopher to second
|
Batting: RHB Domingo Hernández
|
0-0: Ball 1-0: Called Strike 1-1: Swinging Strike 1-2: Strikes out swinging
|
Batting: LHB Juan Mendoza
|
0-0: Ball 1-0: SINGLE (Groundball, 2R) (infield hit) John Christopher to third Milo Powers to second
|
Batting: LHB Robert Moore
|
0-0: Foul Ball, location: 2F 0-1: Ball 1-1: Ball 2-1: Ground out 3-1 (Groundball, 34)
|
Bottom of the 5th over - 0 run(s), 3 hit(s), 0 error(s), 3 left on base; Nebraska 7 - Kansas 3 |
TOP OF THE 6TH |
Nebraska Cornhuskers batting - Pitching for Kansas Jayhawks : RHP William Houston
|
Batting: SHB William Hamilton
|
0-0: Foul Ball, location: 2F 0-1: Ball 1-1: Ball 2-1: Foul Ball, location: 2F 2-2: Ball 3-2: Foul Ball, location: 2F 3-2: Base on Balls
|
Batting: RHB John Denton
|
0-0: Called Strike 0-1: Ball 1-1: Ball 2-1: Foul Ball, location: 2F 2-2: Ball 3-2: Foul Ball, location: 2F 3-2: Foul Ball, location: 2F 3-2: Base on Balls William Hamilton to second
|
Batting: LHB Manny Salazar
|
0-0: Ball 1-0: SINGLE (Line Drive, 8RS) William Hamilton to third John Denton to second
|
Batting: RHB Eugene Allen
|
0-0: Ball 1-0: Called Strike 1-1: Foul Ball, location: 2F 1-2: Ball 2-2: Strikes out looking
|
Batting: RHB Ralph Powell
|
0-0: GRAND SLAM HOME RUN (Flyball, 78XD), Distance : 372 ft
|
Pitching: RHP Bobby Sullivan
|
|
Batting: LHB Robin Greer
|
0-0: Called Strike 0-1: Called Strike 0-2: Hit by Pitch
|
Batting: SHB Conan Hanson
|
0-0: Ball 1-0: Ball 2-0: Called Strike 2-1: Swinging Strike 2-2: SINGLE (Flyball, 89S) Robin Greer to second
|
Batting: RHB Dwight Lewis
|
0-0: Ball 1-0: Ball 2-0: Ball 3-0: Called Strike 3-1: Foul Ball, location: 2F 3-2: Strikes out swinging
|
Batting: LHB Dennis Fontenot
|
0-0: Ball 1-0: Fly out, F8 (Flyball, 8LS)
|
Top of the 6th over - 4 run(s), 3 hit(s), 0 error(s), 2 left on base; Nebraska 11 - Kansas 3 |
BOTTOM OF THE 6TH |
Kansas Jayhawks batting - Pitching for Nebraska Cornhuskers : RHP Barry Sherman
|
Pitching: RHP Chris Blankenbeckler
|
|
Batting: LHB Greg Nelson
|
0-0: Ball 1-0: Ball 2-0: Ball 3-0: Called Strike 3-1: Base on Balls
|
Batting: RHB Ken Longoria
|
0-0: Foul Ball, location: 2F 0-1: Called Strike 0-2: Ball 1-2: Foul Ball, location: 2F 1-2: Hit by Pitch Greg Nelson to second
|
Batting: RHB Richie Miller
|
0-0: Called Strike 0-1: Swinging Strike 0-2: Foul Ball, location: 2F 0-2: Foul Ball, location: 2F 0-2: Foul Ball, location: 2F 0-2: Foul Ball, location: 2F 0-2: Ball 1-2: Ground out U3 (Groundball, 3S) Greg Nelson to third Ken Longoria to second
|
Batting: LHB John Christopher
|
0-0: Reached on error, E4 (Groundball, 34) Greg Nelson scores Ken Longoria to third
|
Batting: RHB David Milligan
|
0-0: Called Strike 0-1: Called Strike 0-2: Strikes out looking
|
Batting: LHB Milo Powers
|
0-0: DOUBLE (Line Drive, 8LS) Ken Longoria scores John Christopher to third Runner from 3rd tries for Home, SAFE, no throw or cutoff
|
Pitching: RHP Aaron Hicks
|
|
Batting: RHB Domingo Hernández
|
0-0: Ball 1-0: 2-RUN HOME RUN (Flyball, 7D), Distance : 361 ft
|
Batting: LHB Juan Mendoza
|
0-0: Called Strike 0-1: Foul Ball, location: 2F 0-2: Ball 1-2: Foul Ball, location: 2F 1-2: Ball 2-2: Ball 3-2: Strikes out swinging, 2-3 out at first.
|
Bottom of the 6th over - 5 run(s), 2 hit(s), 1 error(s), 0 left on base; Nebraska 11 - Kansas 8 |
TOP OF THE 7TH |
Nebraska Cornhuskers batting - Pitching for Kansas Jayhawks : RHP Bobby Sullivan
|
Batting: SHB William Hamilton
|
0-0: Foul Ball, location: 2F 0-1: Ground out 4-3 (Groundball, 4)
|
Batting: RHB John Denton
|
0-0: Called Strike 0-1: Called Strike 0-2: Foul Ball, location: 2F 0-2: Ball 1-2: Ball 2-2: Fly out, F9 (Flyball, 9LM)
|
Batting: LHB Manny Salazar
|
0-0: Foul Ball, location: 2F 0-1: Foul Ball, location: 2F 0-2: Ball 1-2: Ball 2-2: Strikes out swinging
|
Top of the 7th over - 0 run(s), 0 hit(s), 0 error(s), 0 left on base; Nebraska 11 - Kansas 8 |
BOTTOM OF THE 7TH |
Kansas Jayhawks batting - Pitching for Nebraska Cornhuskers : RHP Aaron Hicks
|
Batting: LHB Robert Moore
|
0-0: Ball 1-0: SINGLE (Groundball, 4MD)
|
Batting: LHB Greg Nelson
|
0-0: Ball
|
|